 Dungeon Crawl Stone Soup version 0.23.2-40-g277498a001 (webtiles) character file.

Game seed: 17048718405059308021

612 Exodus22XD the Caller (level 7, -2/36 HPs)
             Began as a Tengu Summoner on Aug 23, 2019.
             Was an Initiate of Sif Muna.
             Killed from afar by a gargoyle (20 damage)
             ... with a stone arrow
             ... on level 6 of the Dungeon.
             The game lasted 00:40:17 (4587 turns).

Exodus22XD the Caller (Tengu Summoner)              Turns: 4587, Time: 00:40:18

Health: -2/36      AC:  4    Str:  8    XL:     7   Next: 44%
Magic:  1/16       EV: 13    Int: 17    God:    Sif Muna [......]
Gold:   230        SH:  0    Dex: 17    Spells: 7/17 levels left

rFire    + . .     SeeInvis .   q - +2 short sword of Arrival {freeze, rF+ rC+ Dex+2} (curse)
rCold    + . .     Gourm    .   (no shield)
rNeg     . . .     Faith    .   a - +0 robe
rPois    .         Spirit   .   (helmet restricted)
rElec    .         Reflect  .   o - +0 cloak
rCorr    .         Harm     .   h - +0 pair of gloves (curse)
MR       .....                  (boots unavailable)
Stlth    ++........             w - amulet of regeneration
HPRegen  0.52/turn              (no ring)
MPRegen  0.15/turn              (no ring)

@: about to teleport
A: beak, talons 3, able to fly
a: Fly, Renounce Religion


You were on level 6 of the Dungeon.
You worshipped Sif Muna.
Sif Muna was noncommittal.
You were near starving.

You visited 1 branch of the dungeon, and saw 6 of its levels.

You collected 230 gold pieces.

Inventory:

Hand Weapons
 m - a +0 dagger
 q - the cursed +2 short sword of Arrival (weapon) {freeze, rF+ rC+ Dex+2}
   (You found it on level 4 of the Dungeon)

   It has been specially enchanted to freeze those struck by it, causing extra
   injury to most foes and up to half again as much damage against particularly
   susceptible opponents.
   It can also slow down cold-blooded creatures.
   It affects your dexterity (+2).
   It protects you from fire.
   It protects you from cold.
   It has a curse placed upon it.
Armour
 a - a +0 robe (worn)
 h - a cursed +0 pair of gloves (worn)
 o - a +0 cloak (worn)
Jewellery
 w - an amulet of regeneration (around neck)
Scrolls
 b - a scroll of enchant weapon {unknown}
 f - a scroll of blinking {unknown}
 j - 2 scrolls of remove curse {unknown}
 k - 2 scrolls of teleportation
 p - a scroll of enchant armour {unknown}
 u - 2 scrolls of magic mapping {unknown}
 y - a scroll of torment {unknown}
Potions
 d - 3 potions of agility
 g - a potion of magic
 l - a potion of degeneration {unknown}
 n - 2 potions of mutation
 r - a potion of ambrosia {unknown}
 s - a potion of haste {unknown}
 t - a potion of curing
 v - 2 potions of might {unknown}
 A - a potion of flight {unknown}
Comestibles
 c - 8 rations


   Skills:
 - Level 0.2 Short Blades
 + Level 1.5 Armour
 - Level 3.0 Dodging
 - Level 2.0 Stealth
 * Level 5.9 Spellcasting
 + Level 6.7 Summonings


You had 7 spell levels left.
You knew the following spells:

 Your Spells              Type           Power        Failure   Level  Hunger
a - Summon Small Mammal   Summ           ####         1%          1    None
b - Call Imp              Summ           ####....     1%          2    None
c - Call Canine Familiar  Summ           ####....     2%          3    ##.....
d - Summon Ice Beast      Ice/Summ       ###.....     32%         4    ####...

Your spell library contained the following spells:

 Spells                   Type           Power        Failure   Level  Hunger
 Summon Guardian Golem    Hex/Summ       ###.....     10%         3    ##.....
 Summon Lightning Spire   Summ/Air       ###.....     32%         4    ####...


Dungeon Overview and Level Annotations

Branches:
Dungeon (6/15)
 Temple: D:4-7

Altars:
Sif Muna
Uskayaw

Shops:
D:6 [


Innate Abilities, Weirdness & Mutations

You have a beak for a mouth.
You have claws for feet.
You can fly continuously.


Message History

Attack!
The gargoyle hurls a stone arrow at you.
The stone arrow hits you!
Press: ? - help, v - describe, . - travel
Here: a gargoyle, wielding a +0 mace (severely damaged)
The floor.
As you read the scroll of fear, it crumbles to dust.
You assume a fearsome visage.
The gargoyle is unaffected.
Your crimson imp is unaffected.
As you read the scroll of teleportation, it crumbles to dust.
You feel strangely unstable.
Your crimson imp blinks!
The gargoyle hurls a stone arrow at you.
The stone arrow hits you!
* * * LOW HITPOINT WARNING * * *
You feel better.
The gargoyle hurls a stone arrow at you.
The stone arrow hits you!!
Ouch! That really hurt!
You die...

....# .<#..## ∩..... ..##
..#...##..........# ...
l##........>....... ##...
.#.............#.. ......
.#........#....#.. ......
..........#..#...##.....#
............##..........#
.....<..........@.......#
#............#.........#
#............##9##..#..#
#........9h.....# .## .
#.####.......5..# .. ..
#................ .
##...........##...
......$.............
..........#.........#


You could see a gargoyle and a friendly crimson imp.

Vanquished Creatures
  A hound (D:4)
  An orc wizard (D:3)
  A gnoll (D:5)
  A giant cockroach (D:3)
  A frilled lizard (D:2)
5 creatures vanquished.

Vanquished Creatures (collateral kills)
  A hungry ghost (D:3)
  Duvessa (D:4)
  2 ice beasts (D:5)
  Blork the orc (D:4)
  Dowan (D:4)
  A howler monkey (D:2)
  A crimson imp (D:5)
  A jelly (D:4)
  3 orc wizards
  4 orc priests (D:3)
  2 worker ants (D:4)
  A worker ant zombie (D:5)
  6 adders
  3 gnolls (D:5)
  A shadow imp (D:5)
  An ooze (D:2)
  An adder zombie (D:5)
  A worm (D:2)
  4 leopard geckos
  12 orcs
  3 giant cockroaches
  15 goblins
  6 hobgoblins
  9 jackals
  3 kobolds
  3 bats
  2 frilled lizards (D:3)
  2 quokka zombies
  8 rats
99 creatures vanquished.

Grand Total: 104 creatures vanquished

Notes
Turn   | Place    | Note
-------+----------+-------------------------------------------
     0 | D:1      | Exodus22XD the Tengu Summoner began the quest for the Orb.
     0 | D:1      | Reached XP level 1. HP: 10/10 MP: 4/4
   363 | D:1      | Reached XP level 2. HP: 13/15 MP: 3/6
   512 | D:1      | Learned a level 2 spell: Call Imp
  1022 | D:2      | Found a faded altar of an unknown god.
  1064 | D:2      | Reached XP level 3. HP: 19/19 MP: 8/8
  1318 | D:2      | Reached skill level 1 in Armour
  1657 | D:3      | Reached XP level 4. HP: 21/24 MP: 6/10
  1696 | D:3      | Learned a level 3 spell: Call Canine Familiar
  1855 | D:3      | Noticed a hungry ghost
  1874 | D:3      | Killed a hungry ghost
  1874 | D:3      | Gained mutation: You can fly continuously. [Tengu growth]
  1874 | D:3      | Reached XP level 5. HP: 26/28 MP: 9/12
  2028 | D:3      | HP: 1/28 [orc priest/divine providence (11)]
  2182 | D:3      | Reached skill level 5 in Summonings
  2497 | D:3      | Reached XP level 6. HP: 20/32 MP: 2/13
  2906 | D:4      | Found a hide-covered altar of Uskayaw.
  2918 | D:4      | Got an encrusted short sword
  2919 | D:4      | Identified the cursed +2 short sword of Arrival {freeze,
                  | rF+ rC+ Dex+2} (You found it on level 4 of the Dungeon)
  3084 | D:4      | Found a deep blue altar of Sif Muna.
  3089 | D:4      | Became a worshipper of Sif Muna the Loreminder
  3132 | D:4      | Reached skill level 6 in Summonings
  3148 | D:4      | Noticed Duvessa
  3149 | D:4      | Noticed Dowan
  3167 | D:4      | Killed Duvessa
  3167 | D:4      | Reached skill level 5 in Spellcasting
  3180 | D:4      | Killed Dowan
  3468 | D:4      | Noticed Blork the orc
  3524 | D:4      | Killed Blork the orc
  3524 | D:4      | Reached XP level 7. HP: 35/36 MP: 5/16
  3617 | D:5      | Entered Level 5 of the Dungeon
  3951 | D:5      | Learned a level 4 spell: Summon Ice Beast
  4381 | D:6      | Noticed a gargoyle
  4533 | D:6      | Found Zekhloba's Antique Armour Boutique.
  4587 | D:6      | Killed from afar by a gargoyle

Skill      XL: |  1  2  3  4  5  6 |
---------------+-------------------+-----
Armour         | 1 |  1.5
Spellcasting   | 3 4 5 |  5.9
Dodging        | 3 |  3.0
Summonings     | 5 6 |  6.7
Short Blades   | |  0.2
Stealth        | |  2.0

Action                   |  1- 3 |  4- 6 |  7- 9 || total
-------------------------+-------+-------+-------++-------
Melee: Dagger            |     5 |    18 |       ||    23
       Kick              |     1 |     3 |     1 ||     5
       Peck              |       |     1 |       ||     1
       Short sword       |       |     4 |     5 ||     9
 Cast: Summon Small Mamm |    29 |     2 |       ||    31
       Call Imp          |    23 |    38 |    24 ||    85
       Call Canine Famil |       |    19 |    12 ||    31
 Abil: Fly               |       |     1 |       ||     1
       Stop Flying       |       |     1 |       ||     1
  Use: Scroll            |     4 |     2 |     3 ||     9
       Potion            |       |       |     2 ||     2
 Stab: Distracted        |       |     1 |       ||     1
  Eat: Chunk             |     4 |     8 |     3 ||    15
Armor: Robe              |     4 |    12 |     1 ||    17
Dodge: Dodged            |    16 |    31 |     6 ||    53
